 Dungeon Crawl Stone Soup version 0.32-a0-834-geaf45d8e21 (webtiles) character file.

Game seed: 6019636650013229872

1381 Klosterheim the Cleaver (level 8, -6/55 (64) HPs)
             Began as a Formicid Fighter on Mar 25, 2024.
             Was an Initiate of Makhleb.
             Mangled by a wight
             ... wielding a +1 scimitar
              (13 damage)
             ... on level 5 of the Dungeon.
             The game lasted 00:17:28 (4341 turns).

Klosterheim the Cleaver (Formicid Fighter)          Turns: 4341, Time: 00:17:28

HP:   -6/55 (64)    AC:  8    Str: 23    XL:     8   Next: 99%
MP:   11/11         EV:  8    Int:  8    God:    Makhleb [......]
Gold: 235           SH:  4    Dex: 13    Spells: 7/7 levels left

rFire   . . .        a - +0 war axe
rCold   . . .        c - +0 buckler
rNeg    . . .        b - +0 scale mail
rPois   .            (helmet unavailable)
rElec   .            (no cloak)
rCorr   .            (no gloves)
SInv    +            h - +0 pair of boots
Will    .....        (no amulet) Stlth
                     (no ring)
HPRegen 0.29/turn    (no ring)
MPRegen 0.12/turn

%: no passive effects
@: heavily drained
A: permanent stasis, dig shafts and tunnels, antennae 3, four strong arms
a: Dig, Shaft Self, Renounce Religion


You were on level 5 of the Dungeon.
You worshipped Makhleb.
Makhleb was noncommittal.
You visited 2 branches of the dungeon, and saw 7 of its levels.

You collected 235 gold pieces.

Inventory:

Hand Weapons
 a - a +0 war axe (weapon)
Missiles
 i - a throwing net
Armour
 b - a +0 scale mail (worn)
 c - a +0 buckler (worn)
 g - an orb of mayhem
 h - a +0 pair of boots (worn)
Jewellery
 o - a ring of poison resistance
 s - an amulet of reflection
 u - a ring of resist corrosion
Wands
 m - a wand of warping (7)
Scrolls
 e - 5 scrolls of teleportation {unknown}
 j - 2 scrolls of poison {unknown}
 n - a scroll of vulnerability
 p - 2 scrolls of immolation {unknown}
 q - a scroll of revelation {unknown}
Potions
 d - 2 potions of might
 k - 2 potions of brilliance
 l - 3 potions of curing
 r - a potion of mutation
 t - 2 potions of resistance


   Skills:
 + Level 5.9 Fighting
 * Level 8.5 Axes
 - Level 4.0 Armour
 - Level 4.0 Shields
 + Level 4.1 Invocations


You had 7 spell levels left.
You didn't know any spells.
Your spell library contained the following spells:

 Spells                   Type           Power      Damage    Failure   Level
 Foxfire                  Conj/Fire      0%         2x1d4     78%         1
 Jinxbite                 Hex            0%         N/A       89%         2
 Dazzling Flash           Conj/Hex       0%         N/A       98%         3
 Yara's Violent Unravell  Hex/Alch       0%         3d3       100%        5
 Plasma Beam              Fire/Air       0%         2x1d10    100%        6
 Starburst                Conj/Fire      0%         6d3       100%        6
 Enfeeble                 Hex            0%         N/A       100%        7
 Maxwell's Capacitive Co  Air            0%         ∞         100%        8


Dungeon Overview and Level Annotations

Branches:
Dungeon (6/15)             Temple (1/1) D:4

Altars:
Ashenzari
Elyvilon
Fedhas
Kikubaaqudgha
Makhleb
Nemelex Xobeh
Okawaru
Ru
Sif Muna
Trog
Vehumet
Xom
Yredelemnul
Zin
The Shining One


Innate Abilities, Weirdness & Mutations

You cannot be hasted, slowed, berserked, paralysed or teleported.
You can dig through walls and to a lower floor.
You have a pair of large antennae on your head. (SInv)
Your four strong arms can wield two-handed weapons with a shield.


Message History

There is a stone staircase leading down, spattered with blood here.
You slash the wight!
The wight is heavily damaged.
The wight hits you but does no damage.
You hit the wight.
The wight is heavily damaged.
The wight hits you with a +1 scimitar!
You barely miss the wight.
The wight is heavily damaged.
The wight hits you with a +1 scimitar!
You barely miss the wight.
The wight is heavily damaged.
The wight barely misses you.
You hit the wight but do no damage.
The wight is heavily damaged.
The wight hits you with a +1 scimitar.
You hit the wight.
The wight is severely damaged.
The wight hits you with a +1 scimitar.
You are too injured to fight recklessly!
You are too injured to fight recklessly!
You are too injured to fight recklessly!
You are too injured to fight recklessly!
You are too injured to fight recklessly!
You are too injured to fight recklessly!
You are too injured to fight recklessly!
You barely miss the wight.
The wight is heavily damaged.
The wight hits you with a +1 scimitar!
* * * LOW HITPOINT WARNING * * *
You feel drained.
* * * LOW HITPOINT WARNING * * *
The wight hits you with a +1 scimitar.
* * * LOW HITPOINT WARNING * * *
You feel drained.
* * * LOW HITPOINT WARNING * * *
You hit the wight.
The wight is almost destroyed.
The wight hits you with a +1 scimitar!
You die...

#.........#.....#....# #
#######......[..#######....# #
#.....#....................# #
#.....#....................# #
#.....##+##.......<........# #
#.........#................# #
#.........#................# #
#.........'...z............# #
#.........#....@[..........# #
#.....##..#................# #
#.....##..#................#####
#......+..#............#####...#
#......#..#............#........
#......#..#............'........
#...####..######.......#.......#
#...####..##...#.......#.......#
#....#.....#...#.......#.......#


You could see a wight.

Vanquished Creatures
  Grinder (D:3)
  A water moccasin (D:5)
  Pargi (D:4)
  2 black bears (D:4)
  An ogre (D:5)
  2 phantoms
  The ghost of wilfster70 the Trooper, an amateur GrBe of Trog (D:3)
  The ghost of shadizar the Magician, an amateur DEAE (D:3)
  A wight (D:5)
  The ghost of heinrich the Covert, a weakling GnDe (D:3)
  The ghost of Konar the Shooter, a weakling CoHu (D:3)
  2 bombardier beetles
  A hound (D:5)
  2 jellies
  An iguana (D:5)
  An orc wizard (D:3)
  4 adders
  A shadow imp (D:4)
  A ribbon worm (D:2)
  A dart slug (D:4)
  5 orcs
  2 bats
  A bat zombie (D:2)
  5 endoplasms
  A giant cockroach (D:4)
  12 goblins
  3 hobgoblins
  5 jackals (D:1)
  4 kobolds
  7 quokkas
  9 ball pythons
  A frilled lizard (D:1)
  A rat (D:1)
83 creatures vanquished.

Vanquished Creatures (collateral kills)
  A giant cockroach (D:2)
1 creature vanquished.

Vanquished Creatures (others)
  A jackal (D:1)
1 creature vanquished.

Grand Total: 85 creatures vanquished

Notes
Turn   | Place    | Note
-------+----------+-------------------------------------------
     0 | D:1      | Klosterheim the Formicid Fighter began the quest for the
                  | Orb.
     0 | D:1      | Reached XP level 1. HP: 18/18 MP: 1/1
    82 | D:1      | Reached XP level 2. HP: 24/24 MP: 2/2
   409 | D:1      | Reached XP level 3. HP: 26/30 MP: 3/3
   567 | D:2      | Reached skill level 3 in Axes
   620 | D:2      | Found a blossoming altar of Fedhas.
   826 | D:2      | Reached XP level 4. HP: 33/37 MP: 4/4
  1161 | D:3      | Noticed Grinder
  1189 | D:3      | Killed Grinder
  1190 | D:3      | Reached skill level 5 in Fighting
  1190 | D:3      | Reached skill level 5 in Axes
  1190 | D:3      | Reached XP level 5. HP: 31/44 MP: 5/5
  1190 | D:3      | Reached XP level 6. HP: 36/51 MP: 6/6
  1270 | D:3      | Noticed wilfster70's ghost (amateur GrBe)
  1271 | D:3      | Found a runed translucent gate.
  1271 | D:3      | Noticed Konar's ghost (weakling CoHu)
  1271 | D:3      | Noticed shadizar's ghost (amateur DEAE)
  1272 | D:3      | Found a runed translucent gate.
  1272 | D:3      | Found a runed translucent gate.
  1272 | D:3      | Noticed heinrich's ghost (weakling GnDe)
  1450 | D:3      | Found a white marble altar of Elyvilon.
  1462 | D:3      | Found a broken altar of Ashenzari.
  1489 | D:3      | Found a blossoming altar of Fedhas.
  1637 | D:3      | Found a faded altar of an unknown god.
  1910 | D:3      | Found a sacrificial altar of Ru.
  2193 | D:3      | Killed wilfster70's ghost
  2194 | D:3      | Reached skill level 6 in Axes
  2194 | D:3      | Reached XP level 7. HP: 51/56 MP: 7/7
  2205 | D:3      | Killed shadizar's ghost
  2211 | D:3      | Killed Konar's ghost
  2229 | D:3      | Killed heinrich's ghost
  2230 | D:3      | Reached skill level 7 in Axes
  2368 | D:4      | Noticed Pargi
  2373 | D:4      | Killed Pargi
  2592 | D:4      | Found a staircase to the Ecumenical Temple.
  2600 | D:4      | Reached XP level 8. HP: 55/62 MP: 8/8
  2614 | Temple   | Entered the Ecumenical Temple
  2624 | Temple   | Became a worshipper of Makhleb the Destroyer
  2817 | D:4      | Reached skill level 8 in Axes
  3191 | D:4      | Found a radiant altar of Vehumet.
  3336 | D:5      | Entered Level 5 of the Dungeon
  4341 | D:5      | Mangled by a wight

Illustrated notes

Levels and vault maps discovered:
D:1:      giann_wishing_wells, layout_rooms, item_on_display_a
D:2:      layout_basic, basic_altar, serial_undead, serial_undead_c,
          serial_undead_a, serial_undead_e, serial_undead_d, st_stairs_8
D:3:      layout_basic, nicolae_overflow_hidden_temple, jmf_multi_god_temple2,
          nicolae_overflow_crystal_walls, gammafunk_ghost_cemetery,
          ebering_ecumenical_altar_webs, uniq_grinder
D:4:      layout_loops_ring, lemuel_round_altar, minmay_temple_entry_large_hall,
          uniq_pargi
D:5:      layout_gridville
D:6:      layout_cave_pools, dancing_weapons_uskayaw, overflow_temple_1_default,
          marbit_many_paths, gammafunk_ghost_abyssal_escape,
          nicolae_elevator_lobby_asterisk
Temple:   eino_wide_crystal_templ

Skill      XL: |  1  2  3  4  5  6  7  8 |
---------------+-------------------------+-----
Axes           | 3 5 6 7 8 |  8.5
Fighting       | 5 |  5.9
Invocations    | 4 |  4.1
Armour         | 4 |  4.0
Shields        | |  4.0

Action                     |  1- 3 |  4- 6 |  7- 9 || total
---------------------------+-------+-------+-------++-------
  Melee: War axe           |    80 |    81 |   168 ||   329
  Evoke: Wand              |       |       |     2 ||     2
    Use: Potion            |       |     3 |       ||     3
         Scroll            |       |     3 |     4 ||     7
 Armour: Scale mail        |    60 |    69 |   128 ||   257
  Dodge: Dodged            |    43 |    22 |    71 ||   136
  Block: Buckler           |     7 |    17 |    39 ||    63

Table legend: (Time is in decaauts)
 A = Elapsed time spent in this place.
 B = Non-inter-level travel time spent in this place.
 C = Inter-level travel time spent in this place.
 D = Time resting spent in this place.
 E = Time spent auto-exploring this place.
 F = Levels seen in this place.
 G = Mean time per level.
                   A        B        C        D        E       F      G
               +--------+--------+--------+--------+--------+-----+--------+
         Total |   4418 |   4087 |    331 |    118 |   3163 |   7 |  631.1 |
       Dungeon |   4397 |   4084 |    313 |    118 |   3163 |   6 |  732.8 |
        Temple |     20 |      2 |     18 |      0 |      0 |   1 |   20.0 |
               +--------+--------+--------+--------+--------+-----+--------+

Top non-repeatable levels by time:
     D:3: 1270 daAuts
     D:5: 1005 daAuts
     D:4: 955 daAuts
     D:1: 586 daAuts
     D:2: 570 daAuts
  Temple: 20 daAuts
     D:6: 9 daAuts
